 Dungeon Crawl Stone Soup version 0.31.0-11-ge490571c62 (console) character file.

Game seed: 11960136525185719691

287576 Banquo the Stormcaller (level 21, -17/151 (164) HPs)
             Began as a Djinni Air Elementalist on Feb 7, 2024.
             Was the Champion of Makhleb.
             Killed from afar by a ghostly deep elf death mage (51 damage)
             ... with a bolt of negative energy
             ... on level 3 of the Elven Halls on Feb 9, 2024.
             The game lasted 04:12:50 (45477 turns).

Banquo the Stormcaller (Djinni Air Elementalist)   Turns: 45477, Time: 04:12:51

HP:   -17/151 (164) AC: 10    Str: 12    XL:     21   Next: 55%
Gold: 4084          EV: 14    Int: 33    God:    Makhleb [******] SH: 14 Dex: 15

rFire   + . .        b - staff of air
rCold   . . .        i - +0 kite shield {reflect}
rNeg    . . .        d - +3 troll leather armour {Snorg}
rPois   ∞            h - +0 mask of the Dragon {Will+ Slay+3 SInv}
rElec   +            e - +0 cloak
rCorr   .            g - +0 pair of gloves
SInv    +            (boots unavailable)
Will    +++..        A - amulet "Ciofriz" {rPois rF- Regen+ Str+5 SInv}
Stlth   ++           C - ring of protection from cold
HPRegen 2.05/turn    I - +6 ring of intelligence
MPRegen 0.00/turn

%: reflection, infuse magic (-18 HP)
@: about to teleport, flying, studying 2 skills, drained
A: sickness immunity, fire resistance 2, cold vulnerability 1, float, innate
caster, HP casting, extra vitality 1
}: 2/15 runes: decaying, serpentine
a: Renounce Religion, Minor Destruction, Lesser Servant of Makhleb, Major
Destruction, Greater Servant of Makhleb


You were on level 3 of the Elven Halls.
You worshipped Makhleb.
Makhleb was exalted by your worship.
You visited 8 branches of the dungeon, and saw 35 of its levels.
You also visited: Sewer and Bailey.

You collected 4870 gold pieces.
You spent 786 gold pieces at shops.

Inventory:

Hand Weapons
 a - the +9 dagger of Offence {venom, rF+}
   (You found it on level 5 of the Dungeon)

   rF+:       It protects you from fire.
 p - the +9 long sword of Caepsuoh {holy, rCorr Str+6}
   (You took it off a spriggan on level 2 of the Swamp)

   Str+6:     It affects your strength (+6).
   rCorr:     It protects you from acid and corrosion.
Missiles
 N - 226 stones
Armour
 d - a +3 troll leather armour (worn) {Snorg}
 e - a +0 cloak (worn)
 g - a +0 pair of gloves (worn)
 h - the +0 mask of the Dragon (worn) {Will+ Slay+3 SInv}
   (You found it on level 14 of the Dungeon)

   Slay+3:    It affects your accuracy & damage with ranged weapons and melee
   (+3).
   Will+:     It increases your willpower.
   SInv:      It lets you see invisible.
 i - a +0 kite shield of reflection (worn)
Magical Staves
 b - a staff of air (weapon)
 f - the staff of Harmony {rF- rC+ Str+3 Conj}
   (You found it on level 3 of the Elven Halls)

   [staff of conjuration]

   Base accuracy: +5 Base damage: 5 Base attack delay: 1.2 This weapon's minimum
   attack delay (0.6) is reached at skill level 12.
   Str+3:     It affects your strength (+3).
   rF-:       It makes you vulnerable to fire.
   rC+:       It protects you from cold.
   Conj:      It increases the power of your Conjurations spells.
   It falls into the 'Staves' category.
   It is a one-handed weapon.
 J - the staff "Ixuzxeles" {rC+ Str+5 Stlth- Fire Ice Earth}
   (You acquired it on level 8 of the Dungeon)

   [staff of cold]

   Base accuracy: +5 Base damage: 5 Base attack delay: 1.2 This weapon's minimum
   attack delay (0.6) is reached at skill level 12.
   Str+5:     It affects your strength (+5).
   rC+:       It protects you from cold.
   Stlth-:    It makes you less stealthy.
   Fire:      It increases the power of your Fire spells.
   Ice:       It increases the power of your Ice spells.
   Earth:     It increases the power of your Earth spells.
   It falls into the 'Staves' category.
   It is a one-handed weapon.
Jewellery
 s - the amulet "Vuass" {RegenMP rC+}
   (You found it on level 3 of the Elven Halls)

   [amulet of magic regeneration]

   RegenMP:   It increases your rate of magic regeneration.
   rC+:       It protects you from cold.
 x - a ring of protection from cold
 A - the amulet "Ciofriz" (around neck) {rPois rF- Regen+ Str+5 SInv}
   (You acquired it on level 8 of the Dungeon)

   [amulet of regeneration]

   Str+5:     It affects your strength (+5).
   rF-:       It makes you vulnerable to fire.
   rPois:     It protects you from poison SInv: It lets you see invisible.
   Regen+:    It increases your rate of health regeneration.
 C - a ring of protection from cold (left hand)
 I - a +6 ring of intelligence (right hand)
 U - the ring "Axtaph" {rElec rPois Will+}
   (You found it on level 2 of the Snake Pit)

   [ring of willpower]

   rElec:     It insulates you from electricity.
   rPois:     It protects you from poison Will+: It increases your willpower.
 V - a +5 ring of evasion
Wands
 q - a wand of iceblast (21)
 v - a wand of mindburst (7)
 w - a wand of quicksilver (17)
 D - a wand of digging (6)
 Y - a wand of paralysis (45)
Scrolls
 j - a scroll of summoning
 m - 3 scrolls of revelation
 o - 14 scrolls of fog
 r - 10 scrolls of identify
 t - 7 scrolls of poison
 y - 7 scrolls of blinking
 z - 15 scrolls of teleportation
 B - 5 scrolls of fear
Potions
 c - 2 potions of cancellation
 k - 16 potions of curing
 l - 3 potions of ambrosia
 n - 8 potions of brilliance
 u - 2 potions of resistance
 E - 3 potions of heal wounds
 F - 6 potions of haste
 H - 6 potions of might
 L - 5 potions of enlightenment
 P - 5 potions of invisibility
Miscellaneous
 Q - a lightning rod (4/4)
 T - a phantom mirror


   Skills:
 * Level 18.4 Fighting
 - Level 8.0 Short Blades
 - Level 11.1 Armour
 - Level 8.0 Dodging
 - Level 1.5 Stealth
 * Level 16.8 Shields
 * Level 16.9 Spellcasting
 * Level 16.9 Conjurations
 * Level 16.9 Hexes
 * Level 16.9 Summonings
 * Level 16.9 Necromancy
 * Level 16.9 Translocations
 * Level 19.6 Fire Magic
 * Level 16.9 Ice Magic
 * Level 19.9 Air Magic
 * Level 16.9 Earth Magic
 * Level 16.9 Alchemy
 * Level 10.1 Invocations


You knew the following spells:

 Your Spells              Type           Power      Damage    Failure   Level
a - Shock                 Conj/Air       100%       1d9       0%          1
b - Ensorcelled Hibernat  Hex/Ice        100%       N/A       0%          2
c - Alistair's Intoxicat  Alch           64%        N/A       1%          5
d - Static Discharge      Conj/Air       100%       3-8/arc   0%          2
e - Apportation           Tloc           100%       N/A       0%          1
g - Malign Gateway        Summ/Tloc      48%        N/A       2%          7
m - Monstrous Menagerie   Summ           48%        N/A       2%          7
p - Fulminant Prism       Conj/Alch      48%        3d21      1%          4
w - Flame Wave            Conj/Fire      99%        2d21      0%          4
z - Airstrike             Air            63%        2d(9-25)  0%          4
B - Blink                 Tloc           100%       N/A       0%          2
C - Death Channel         Necr           48%        N/A       1%          6
D - Dispersal             Tloc           48%        N/A       1%          6
M - Swiftness             Air            100%       N/A       0%          3
Your spell library was empty.

Dungeon Overview and Level Annotations

Branches:
Dungeon (15/15)            Temple (1/1) D:7            Lair (5/5) D:8
  Swamp (4/4) Lair:3        Snake (4/4) Lair:3        Slime (0/5) Lair:5
    Orc (2/2) D:9             Elf (3/3) Orc:2        Vaults (1/5) D:13
 Depths (0/4) D:15          Sewer (visited)          Bailey (visited)

Altars:
Ashenzari
Cheibriados
Dithmenos
Elyvilon
Fedhas
Gozag
Hepliaklqana
Makhleb
Nemelex Xobeh
Okawaru
Qazlal
Ru
Trog
Uskayaw
Wu Jian
Xom
Yredelemnul
Zin
The Shining One

Shops:
D:9 [   D:11 *   Orc:1 [   Orc:2 *(??   Elf:2 **   Elf:3 *([*   Snake:2 *
Snake:3 :=:

Portals:
Trove: Elf:2 (give 3 potions of resistance)

Annotations:
D:10 freezing corridor to gold
D:11 2 transporters, Jingleheimer's ghost, journeyman FoFi
Lair:3 1 exclusion
Lair:4 2 transporters, middlethird's ghost, journeyman VSSh
Snake:1 1 runed translucent door
Elf:2 2 runed translucent doors


Innate Abilities, Weirdness & Mutations

You are immune to sickness and miasma.
You are immune to poison.
Your flesh is very heat resistant. (rF++)
You are vulnerable to cold. (rC-)
You float through the air rather than walking.
You learn spells naturally, not from books.
Your magical power is your life essence.
You have superior vitality. (+4 MHP)


Message History

Your eldritch tentacle slaps the deep elf death mage!
Your eldritch tentacle shocks the deep elf death mage!!
Your eldritch tentacle barely misses the deep elf death mage.
The deep elf death mage hits your eldritch tentacle with a +0 dagger!
Unknown command.
Casting: Monstrous Menagerie (dangerous; 2% risk of failure)
Confirm with . or Enter, or press ? or * to list all spells.
You don't know that spell.
Your eldritch tentacle slaps the lost soul!
Your eldritch tentacle claws the lost soul!!
The lost soul is destroyed!
The lost soul fades away!
The deep elf pyromancer hits you but does no damage.
The deep elf death mage hits your eldritch tentacle with a +0 dagger!
The deep elf high priest shouts!
You hit the deep elf pyromancer but do no damage.
The deep elf death mage's magic is no longer disrupted.
Your eldritch tentacle closely misses the deep elf death mage.
Your eldritch tentacle barely misses the deep elf death mage.
The deep elf pyromancer casts a spell.
The deep elf pyromancer blinks!
The deep elf high priest utters a dark prayer and points at you.
Your life force is offered up.
* * * LOW HITPOINT WARNING * * *
The deep elf high priest is healed.
The deep elf death mage is healed.
The deep elf pyromancer is healed.
The deep elf death mage hits your eldritch tentacle with a +0 dagger.
Your eldritch tentacle barely misses the deep elf death mage.
Your eldritch tentacle claws the deep elf death mage!!!
The lost soul assumes the form of the deep elf death mage and becomes anchored to this world!
Unknown command.
The portal closes; your eldritch tentacle is severed.
The deep elf zephyrmancer casts a spell.
The deep elf zephyrmancer blinks!
The eldritch tentacle slaps the ghostly deep elf death mage!
The eldritch tentacle shocks the ghostly deep elf death mage!!
The eldritch tentacle barely misses the ghostly deep elf death mage.
The ghostly deep elf death mage casts a spell at you.
The bolt of negative energy hits you!!!
You feel drained.
You die...

...#.....................#...#...
...#.....................#...#...
...#######################...#..)
.............................#...
.....<.......................#...
......e...[........e.........#...
##+#####'#########'###########...
.........e...........e...........
..........∩§.e..@..)w............
....................*............
#################################
############## ##############


You could see a ghostly deep elf death mage, a deep elf high priest (brilliance
aura), 2 deep elf pyromancers and a neutral eldritch tentacle (distracted).

Vanquished Creatures
  Rupert (Lair:5)
  Jorgrun (Swamp:3)
  Kirke (D:12)
  Frances (Snake:1)
  Donald (Swamp:2)
  9 nagarajas
  A fenstrider witch (Swamp:3)
  A deep elf sorcerer (Elf:2)
  Louise (D:14)
  An ironbound preserver (Vaults:1)
  5 ghouls (Swamp:3)
  An eleionoma (Swamp:3)
  An ironbound thunderhulk (Vaults:1)
  Nessos (D:14)
  A bunyip (Swamp:3)
  Azrael (D:15)
  Snorg (Orc:2)
  An ettin (Orc:1)
  2 deep elf high priests (Elf:2)
  3 entropy weavers
  Josephine (D:15)
  Erolcha (Orc:1)
  A vault guard (Vaults:1)
  2 salamander tyrants
  5 alligators
  3 catoblepae (Lair:5)
  2 great orbs of eyes
  2 ghost crabs
  14 hydras
  11 centaur warriors
  5 two-headed ogres
  Erica (Orc:1)
  2 boulder beetles
  18 dancing weapons
  6 anacondas
  10 naga warriors
  5 orc high priests (Orc:2)
  21 death yaks
  2 tengu warriors
  Nergalle (Lair:2)
  5 spriggans
  A spriggan berserker (Swamp:4)
  10 shock serpents
  8 naga sharpshooters
  9 deep elf knights
  2 salamander mystics
  4 fire crabs (Lair:3)
  4 goliath frogs
  3 arcanists
  3 deep trolls (Vaults:1)
  3 naga ritualists
  8 swamp dragons
  An orb spider (shapeshifter) (D:15)
  3 ironbound convokers (Vaults:1)
  5 mana vipers
  8 bog bodies
  2 spriggan druids (Swamp:1)
  5 deep elf archers
  12 deep elf zephyrmancers
  24 ugly things
  4 harpies (Vaults:1)
  23 deep elf pyromancers
  2 orc knights (Orc:2)
  4 manticores
  An oklob plant (Swamp:3)
  5 cyclopes
  8 salamanders
  10 elephants
  A moth of wrath (Swamp:2)
  A will-o-the-wisp (Swamp:1)
  2 vault sentinels (Vaults:1)
  3 meliai
  A black mamba (shapeshifter) (D:13)
  2 kobold blastminers (Orc:1)
  5 nameless horrors
  22 black mambas
  6 guardian serpents
  Joseph (D:9)
  9 naga magi
  A torpor snail (Lair:2)
  17 cane toads
  3 rime drakes
  2 unseen horrors
  A freezing wraith (D:15)
  8 yaktaurs (Vaults:1)
  A kobold demonologist (D:14)
  4 tengu conjurers
  Jeremiah (D:9)
  5 komodo dragons
  Psyche (D:9)
  3 trolls
  A polar bear (shapeshifter) (D:13)
  A hornet (shapeshifter) (D:14)
  A wolf spider simulacrum (D:15)
  6 tyrant leeches
  4 polar bears
  8 hornets
  22 blink frogs
  A blink frog (shapeshifter) (Elf:2)
  30 slime creatures
  2 air elementals
  Sigmund (D:2)
  A shadow (D:11)
  7 wraiths
  10 wyverns
  3 water elementals
  67 yaks
  6 fire elementals
  2 wargs (Orc:2)
  3 hogs (D:12)
  A human (shapeshifter) (D:15)
  4 basilisks
  11 vampire mosquitoes
  3 redbacks (Vaults:1)
  A steam dragon (Lair:1)
  26 nagas
  2 acid dragons (D:11)
  15 swamp worms
  16 water moccasins
  5 hell hounds (D:15)
  33 orc warriors
  6 swamp drakes
  Duvessa (D:5)
  A sky beast (D:8)
  4 black bears
  4 laughing skulls
  A black bear (shapeshifter) (Elf:1)
  An ice beast (D:6)
  7 centaurs
  14 wolves
  2 boggarts (Vaults:1)
  8 ogres
  9 kobold brigands
  10 bullfrogs
  An earth elemental (Elf:1)
  6 gnoll sergeants
  3 scorpions
  2 water moccasin zombies (D:6)
  A wyvern zombie (D:6)
  7 wights
  Dowan (D:5)
  2 electric eels (D:7)
  A vampire bat (D:5)
  A bombardier beetle (D:6)
  2 howler monkeys (D:6)
  4 lava snakes (Lair:3)
  2 bullfrog zombies (D:6)
  4 hounds
  45 orc priests
  11 jellies
  2 gnoll boudas
  A sleepcap (D:8)
  23 hell rats
  22 orc wizards
  2 iguanas
  A killer bee zombie (D:6)
  A howler monkey zombie (D:6)
  23 gnolls
  9 adders
  A shadow imp (D:5)
  5 white imps
  3 ribbon worms
  14 dart slugs
  3 fire bats (D:5)
  87 orcs
  2 spectral bats (D:5)
  15 bats
  3 bat skeletons (D:5)
  A bat zombie (D:5)
  27 endoplasms
  13 giant cockroaches
  14 goblins
  4 hobgoblins (D:2)
  2 jackals (D:2)
  4 quokkas
  15 ball pythons
  A bat simulacrum (D:5)
  12 frilled lizards
  23 kobolds
  7 rats
1219 creatures vanquished.

Vanquished Creatures (collateral kills)
  Boris (Vaults:1)
  Asterion (Snake:3)
  A deep elf blademaster (Elf:3)
  7 nagarajas (Snake:4)
  2 vault wardens (Vaults:1)
  3 ironbound preservers (Vaults:1)
  2 ironbound thunderhulks (Vaults:1)
  3 deep elf death magi
  3 bunyips (Swamp:4)
  A great orb of eyes (Vaults:1)
  A yaktaur captain (Vaults:1)
  3 shambling mangroves (Swamp:4)
  A peacekeeper (Vaults:1)
  A salamander tyrant (Snake:4)
  An alligator (Swamp:3)
  9 hydras (Swamp:4)
  An anaconda (Snake:2)
  3 centaur warriors (Vaults:1)
  A death yak (Lair:5)
  A dancing weapon (Elf:1)
  10 naga warriors
  4 naga sharpshooters
  3 deep elf knights
  A shock serpent (Snake:1)
  A goliath frog (Swamp:3)
  A spriggan druid (Swamp:4)
  4 swamp dragons (Swamp:4)
  6 deep trolls (Vaults:1)
  A mana viper (Snake:1)
  2 naga ritualists (Snake:4)
  2 arcanists (Vaults:1)
  A harpy (Vaults:1)
  2 ironbound convokers (Vaults:1)
  5 deep elf pyromancers
  6 ugly things (Vaults:1)
  3 deep elf zephyrmancers
  A black mamba (Snake:1)
  A guardian serpent (Snake:4)
  A salamander (Snake:4)
  3 naga magi
  4 yaktaurs (Vaults:1)
  3 nameless horrors (Snake:4)
  A tyrant leech (Swamp:4)
  6 hornets
  A jumping spider (shapeshifter) (Elf:1)
  6 slime creatures (Vaults:1)
  A spriggan (Swamp:3)
  A swamp worm (Swamp:4)
  3 nagas
  3 swamp drakes (Swamp:4)
  2 boggarts (Vaults:1)
135 creatures vanquished.

Vanquished Creatures (others)
  The ghost of peterlawrence the Slayer, an adept MiFi of Okawaru (Elf:3)
  8 eldritch tentacles
  A deep troll (Vaults:1)
  162 fulminant prisms
172 creatures vanquished.

Grand Total: 1526 creatures vanquished

Notes
Turn   | Place    | Note
-------+----------+-------------------------------------------
     0 | D:1      | Banquo the Djinni Air Elementalist began the quest for the
                  | Orb.
     0 | D:1      | Banquo set off with the following spells memorised: Shock,
                  | Static Discharge, Swiftness, Airstrike.
     0 | D:1      | Reached XP level 1. HP: 15/15 MP: 0/0
   114 | D:1      | Reached XP level 2. HP: 17/22 MP: 0/0
   172 | D:1      | Reached skill level 1 in Fighting
   466 | D:1      | Reached XP level 3. HP: 25/27 MP: 0/0
   466 | D:1      | Learned a level 1 spell: Apportation
  1180 | D:2      | Reached XP level 4. HP: 29/33 MP: 0/0
  1372 | D:2      | Identified the +0 plate armour of Inevitability {rN+ Dex+3
                  | Stlth+}
  1686 | D:2      | Noticed Sigmund
  2251 | D:3      | Noticed a black bear
  2257 | D:3      | Killed a black bear
  2258 | D:3      | Reached XP level 5. HP: 31/40 MP: 0/0
  2258 | D:3      | Learned a level 2 spell: Blink
  2657 | D:3      | Reached XP level 6. HP: 42/46 MP: 0/0
  2845 | D:3      | Found a glowing golden altar of the Shining One.
  3158 | D:4      | Found a glowing drain.
  3179 | Sewer    | Entered a sewer
  3861 | Sewer    | Reached skill level 5 in Spellcasting
  3861 | Sewer    | Reached skill level 5 in Conjurations
  3861 | Sewer    | Reached skill level 5 in Hexes
  3861 | Sewer    | Reached skill level 5 in Summonings
  3861 | Sewer    | Reached skill level 5 in Necromancy
  3861 | Sewer    | Reached skill level 5 in Translocations
  3861 | Sewer    | Reached skill level 5 in Fire Magic
  3861 | Sewer    | Reached skill level 5 in Ice Magic
  3861 | Sewer    | Reached skill level 5 in Air Magic
  3861 | Sewer    | Reached skill level 5 in Earth Magic
  3861 | Sewer    | Reached skill level 5 in Alchemy
  3861 | Sewer    | Reached XP level 7. HP: 44/52 MP: 0/0
  3861 | Sewer    | Learned a level 2 spell: Ensorcelled Hibernation
  4476 | D:4      | Found a hide-covered altar of Uskayaw.
  5238 | D:4      | Reached skill level 5 in Fighting
  5426 | D:5      | Entered Level 5 of the Dungeon
  5494 | D:5      | Noticed Duvessa
  5494 | D:5      | Noticed Dowan
  5494 | D:5      | Found a sparkling altar of Nemelex Xobeh.
  5517 | D:5      | Found a stormy altar of Qazlal.
  5607 | D:5      | Reached XP level 8. HP: 58/59 MP: 0/0
  5802 | D:5      | Killed Duvessa
  5820 | D:5      | Killed Dowan
  6111 | D:5      | Reached skill level 1 in Armour
  6160 | D:5      | Identified the +9 dagger of Offence {venom, rF+}
  6393 | D:5      | Reached XP level 9. HP: 63/67 MP: 0/0
  6393 | D:5      | Learned a level 4 spell: Flame Wave
  6583 | D:5      | Found a shadowy altar of Dithmenos.
  7931 | D:6      | Found a hazy altar of Hepliaklqana.
  8405 | D:6      | Found a basalt altar of Yredelemnul.
  8811 | D:6      | Found a hazy altar of Hepliaklqana.
  8830 | D:6      | Found a basalt altar of Yredelemnul.
  9202 | D:7      | Reached skill level 5 in Dodging
  9202 | D:7      | Reached XP level 10. HP: 67/75 MP: 0/0
  9351 | D:7      | Found an iron altar of Okawaru.
  9422 | D:7      | Found a flagged portal.
  9433 | D:7      | Found a staircase to the Ecumenical Temple.
  9451 | Temple   | Entered the Ecumenical Temple
  9650 | Bailey   | Entered a bailey
  9966 | Bailey   | Reached skill level 5 in Armour
 10014 | Bailey   | Found a bloodstained altar of Trog.
 10381 | D:7      | Found a shimmering altar of Xom.
 10874 | D:8      | Found a stormy altar of Qazlal.
 10944 | D:8      | Identified a scroll of acquirement
 10944 | D:8      | Acquired the amulet "Ciofriz" {rPois rF- Regen+ Str+5 SInv}
 11036 | D:8      | Found a burning altar of Makhleb.
 11044 | D:8      | Became a worshipper of Makhleb the Destroyer
 11070 | D:8      | Noticed a komodo dragon
 11074 | D:8      | Killed a komodo dragon
 11258 | D:8      | Reached skill level 1 in Shields
 11258 | D:8      | Reached skill level 1 in Invocations
 11466 | D:8      | Found a staircase to the Lair.
 11697 | D:8      | Noticed a two-headed ogre
 11700 | D:8      | Killed a two-headed ogre
 11701 | D:8      | Reached XP level 11. HP: 73/82 MP: 0/0
 11701 | D:8      | Learned a level 4 spell: Fulminant Prism
 11769 | D:9      | Noticed Joseph
 11881 | D:9      | Noticed Jeremiah
 11891 | D:9      | Killed Jeremiah
 11936 | D:9      | Reached * piety under Makhleb
 12102 | D:9      | Noticed a two-headed ogre
 12107 | D:9      | Killed a two-headed ogre
 12108 | D:9      | Found a blossoming altar of Fedhas.
 12108 | D:9      | Noticed a cyclops
 12125 | D:9      | Killed a cyclops
 12181 | D:9      | Killed Joseph
 12676 | D:9      | Noticed Psyche
 12680 | D:9      | Killed Psyche
 12965 | D:9      | Reached ** piety under Makhleb
 12973 | D:9      | Found Lycrece's Armour Shoppe.
 13063 | D:9      | Found a staircase to the Orcish Mines.
 13152 | Lair:1   | Entered Level 1 of the Lair of Beasts
 13210 | Lair:1   | Reached skill level 1 in Short Blades
 13210 | Lair:1   | Reached XP level 12. HP: 83/89 MP: 0/0
 13353 | Lair:1   | Noticed a five-headed hydra
 13358 | Lair:1   | Killed a five-headed hydra
 13448 | Lair:1   | You are sucked into a shaft and drop 1 floor!
 13856 | Lair:2   | Noticed a death yak
 13865 | Lair:1   | Killed a death yak
 14098 | Lair:2   | Reached skill level 5 in Shields
 14147 | Lair:2   | Noticed Nergalle
 14217 | Lair:2   | Reached skill level 5 in Invocations
 14574 | Lair:2   | Reached *** piety under Makhleb
 15173 | Lair:2   | Reached XP level 13. HP: 76/96 MP: 0/0
 15173 | Lair:2   | Learned a level 5 spell: Alistair's Intoxication
 15343 | Lair:2   | Killed Nergalle
 15344 | Lair:2   | Reached skill level 10 in Fighting
 15836 | Lair:3   | Found a staircase to the Swamp.
 15847 | Lair:3   | Found a staircase to the Snake Pit.
 16008 | D:9      | Bought the +3 scale mail "Nokogy" {Harm Fly Regen+ Stlth+}
                  | for 494 gold pieces
 16236 | Lair:3   | Found a runed translucent door.
 16271 | Lair:3   | Reached skill level 10 in Spellcasting
 16271 | Lair:3   | Reached skill level 10 in Conjurations
 16271 | Lair:3   | Reached skill level 10 in Hexes
 16271 | Lair:3   | Reached skill level 10 in Summonings
 16271 | Lair:3   | Reached skill level 10 in Necromancy
 16271 | Lair:3   | Reached skill level 10 in Translocations
 16271 | Lair:3   | Reached skill level 10 in Fire Magic
 16271 | Lair:3   | Reached skill level 10 in Ice Magic
 16271 | Lair:3   | Reached skill level 10 in Air Magic
 16271 | Lair:3   | Reached skill level 10 in Earth Magic
 16271 | Lair:3   | Reached skill level 10 in Alchemy
 16798 | Lair:3   | Noticed a four-headed hydra
 16802 | Lair:3   | Killed a four-headed hydra
 16908 | Lair:3   | Reached **** piety under Makhleb
 16918 | Lair:3   | Reached skill level 5 in Short Blades
 17037 | Lair:3   | Noticed an entropy weaver
 17056 | Lair:3   | Killed an entropy weaver
 17057 | Lair:3   | Reached XP level 14. HP: 96/103 MP: 0/0
 17607 | D:2      | Killed Sigmund
 17955 | Lair:4   | Found a transporter.
 18129 | Lair:4   | Found a transporter.
 18439 | Lair:4   | Reached ***** piety under Makhleb
 18742 | Lair:4   | Noticed middlethird's ghost (journeyman VSSh)
 18986 | Lair:4   | Found a transporter.
 19094 | Lair:4   | Found a transporter.
 19718 | Lair:5   | Entered Level 5 of the Lair of Beasts
 19783 | Lair:5   | Found a staircase to the Slime Pits.
 19985 | Lair:5   | Reached XP level 15. HP: 85/111 MP: 0/0
 19985 | Lair:5   | Learned a level 6 spell: Dispersal
 20100 | Lair:5   | Reached skill level 10 in Armour
 20157 | Lair:5   | Noticed Rupert
 20169 | Lair:5   | Killed Rupert
 21540 | D:10     | Entered Level 10 of the Dungeon
 22433 | D:11     | Found a transporter.
 22436 | D:11     | Noticed Jingleheimer's ghost (journeyman FoFi)
 22437 | D:11     | Found a transporter.
 22437 | D:11     | Identified the +9 great mace of Anguish {heavy, +Blink
                  | Str+3 Dex-5}
 22437 | D:11     | Identified the +0 giant club of Tymi Vea {flame, ^Contam
                  | rElec Str+2 Dex+3}
 22593 | D:11     | Found Heisoh's General Store.
 23285 | D:12     | Noticed Kirke
 23292 | D:12     | Killed Kirke
 23548 | D:12     | Reached ****** piety under Makhleb
 23761 | Orc:1    | Entered Level 1 of the Orcish Mines
 23936 | Orc:2    | Entered Level 2 of the Orcish Mines
 24001 | Orc:2    | Noticed Snorg
 24005 | Orc:2    | Killed Snorg
 24064 | Orc:2    | Found a staircase to the Elven Halls.
 24089 | Orc:1    | Noticed Erolcha
 24095 | Orc:1    | Noticed Erica
 24100 | Orc:1    | Killed Erica
 24101 | Orc:1    | Killed Erolcha
 24357 | Orc:1    | Found Jovineg's Antique Armour Shoppe.
 24549 | Orc:2    | Reached XP level 16. HP: 93/118 MP: 0/0
 25315 | Orc:2    | Found Siotoit's Magic Scroll Boutique.
 25315 | Orc:2    | Found Onwat's Magic Scroll Boutique.
 25316 | Orc:2    | Found Lougi's Antique Weapon Shop.
 25316 | Orc:2    | Found Narer's Assorted Antiques.
 25328 | Orc:2    | Bought a scroll of blinking for 90 gold pieces
 25851 | Orc:2    | Found Onwat's Magic Scroll Boutique.
 25851 | Orc:2    | Found Siotoit's Magic Scroll Boutique.
 25852 | Orc:2    | Found Lougi's Antique Weapon Shop.
 25852 | Orc:2    | Found Narer's Assorted Antiques.
 26100 | Orc:2    | Found a staircase to the Elven Halls.
 27788 | D:13     | Found a gate to the Vaults.
 28484 | D:14     | Noticed Nessos
 28489 | D:14     | Killed Nessos
 28495 | D:14     | Found the +0 mask of the Dragon {Will+ Slay+3 SInv}
 28643 | D:14     | Reached skill level 10 in Shields
 28656 | D:14     | Reached skill level 10 in Invocations
 28661 | D:14     | Noticed Louise
 28691 | D:14     | Killed Louise
 28987 | D:14     | You are sucked into a shaft and drop 1 floor!
 28987 | D:15     | Entered Level 15 of the Dungeon
 29620 | D:15     | Noticed Azrael
 29649 | D:15     | Killed Azrael
 29740 | D:15     | Found a blossoming altar of Fedhas.
 30368 | D:15     | Noticed Josephine
 30369 | D:15     | Reached XP level 17. HP: 79/127 MP: 0/0
 30369 | D:15     | Learned a level 6 spell: Death Channel
 30378 | D:15     | Killed Josephine
 31006 | D:15     | Found a staircase to the Depths.
 31201 | D:8      | Acquired a manual of Air Magic
 31261 | Swamp:1  | Entered Level 1 of the Swamp
 31302 | Swamp:1  | Identified the +0 helmet of the Unstoppable Lives {Fly
                  | rF+++ Str-5 Dex-4}
 31831 | Swamp:2  | Noticed Donald
 31840 | Swamp:2  | Killed Donald
 32083 | Swamp:2  | Identified the +9 long sword of Caepsuoh {holy, rCorr
                  | Str+6}
 32554 | Swamp:2  | Identified the +0 pair of boots of Ceecytyj {*Corrode rF+
                  | Str+4 SInv}
 32745 | Swamp:3  | Noticed Jorgrun
 32758 | Swamp:3  | HP: 2/129 [spriggan rider/+0 spear (22)]
 33070 | Orc:2    | Bought a scroll of blinking for 90 gold pieces
 33435 | Snake:1  | Entered Level 1 of the Snake Pit
 33494 | Snake:1  | Acquired the staff "Ixuzxeles" {rC+ Str+5 Stlth- Fire Ice
                  | Earth}
 33496 | Snake:1  | Acquired a manual of Fire Magic
 33598 | Snake:1  | Found a runed translucent door.
 33614 | Snake:1  | Noticed Frances
 33628 | Snake:1  | Killed Frances
 34245 | Snake:2  | Found Wissur's General Store.
 34331 | Snake:2  | Identified the +0 robe of Daisies {rN++ Str+4 Dex-3}
 34666 | Snake:2  | Reached XP level 18. HP: 128/136 MP: 0/0
 34764 | Snake:2  | Identified the ring "Axtaph" {rElec rPois Will+}
 35051 | Snake:3  | Noticed Asterion
 35227 | Snake:2  | Reached skill level 15 in Air Magic
 35552 | Snake:3  | Reached skill level 15 in Fighting
 35577 | Snake:3  | Killed Asterion
 35906 | Snake:3  | Found Poroedghom's Book Shop.
 35906 | Snake:3  | Found Goast's Jewellery Shoppe.
 35907 | Snake:3  | Found Soefiv's Book Shop.
 36011 | Snake:3  | Reached skill level 15 in Fire Magic
 36197 | Snake:4  | Entered Level 4 of the Snake Pit
 37794 | Snake:4  | Reached XP level 19. HP: 128/145 MP: 0/0
 37794 | Snake:4  | Learned a level 7 spell: Monstrous Menagerie
 37910 | Snake:4  | Got a serpentine rune of Zot
 38203 | Snake:4  | Reached skill level 15 in Spellcasting
 38203 | Snake:4  | Reached skill level 15 in Conjurations
 38203 | Snake:4  | Reached skill level 15 in Hexes
 38203 | Snake:4  | Reached skill level 15 in Summonings
 38203 | Snake:4  | Reached skill level 15 in Necromancy
 38203 | Snake:4  | Reached skill level 15 in Translocations
 38203 | Snake:4  | Reached skill level 15 in Ice Magic
 38203 | Snake:4  | Reached skill level 15 in Earth Magic
 38203 | Snake:4  | Reached skill level 15 in Alchemy
 38596 | Swamp:3  | Killed Jorgrun
 39207 | Swamp:4  | Entered Level 4 of the Swamp
 39511 | Swamp:4  | Identified the +11 falchion of Rootidoz {venom, Fly Str-4
                  | Stlth+}
 39975 | Swamp:4  | Got a decaying rune of Zot
 40226 | Swamp:4  | Reached skill level 15 in Shields
 40535 | Elf:1    | Entered Level 1 of the Elven Halls
 40541 | Elf:1    | Reached XP level 20. HP: 91/154 MP: 0/0
 40894 | Elf:1    | Identified the +0 scale mail of Dramatic Exits {*Slow rF+
                  | rN+}
 41124 | Elf:1    | Identified the +8 mace "Donaekku" {elec, rElec rPois rC-
                  | Str+7}
 41335 | Elf:1    | Identified the +0 falchion "Zatt" {spect, Str-4 Dex+4}
 41614 | Elf:2    | Found Zicitt's Specific Store.
 41614 | Elf:2    | Found Gipsan's General Store.
 41724 | Elf:2    | Found a portal to a secret trove of treasure.
 42005 | Elf:2    | Found a runed translucent door.
 42324 | Elf:2    | Found a runed translucent door.
 42629 | Vaults:1 | Entered Level 1 of the Vaults
 42762 | Vaults:1 | HP: 4/156 [yaktaur/bolt (11)]
 43534 | Vaults:1 | Reached XP level 21. HP: 154/162 MP: 0/0
 43534 | Vaults:1 | Learned a level 7 spell: Malign Gateway
 43716 | Vaults:1 | Noticed Boris
 43728 | Vaults:1 | Killed Boris
 44232 | Vaults:1 | Identified the +6 chain mail of Nikoma {rN+ rCorr Slay-2}
 44817 | Elf:3    | Entered Level 3 of the Elven Halls
 44818 | Elf:3    | Found Iqinin's Antique Weapon Emporium.
 44878 | Elf:3    | Found Sediw's General Store.
 44888 | Elf:3    | Bought a scroll of blinking for 112 gold pieces
 44904 | Elf:3    | Found Duexto Jufo's Assorted Antiques.
 44968 | Elf:3    | Found Deru's Antique Armour Shoppe.
 45300 | Elf:3    | Paralysed by an air elemental for 1 turns
 45314 | Elf:3    | Found a large runed translucent door.
 45316 | Elf:3    | Found a large runed translucent door.
 45318 | Elf:3    | Noticed peterlawrence's ghost (adept MiFi)
 45349 | Elf:3    | Killed peterlawrence's ghost
 45421 | Elf:3    | Identified the staff of Harmony {rF- rC+ Str+3 Conj}
 45423 | Elf:3    | Identified the amulet "Vuass" {RegenMP rC+}
 45477 | Elf:3    | Killed from afar by a ghostly deep elf death mage

Illustrated notes

Levels and vault maps discovered:
D:1:      mainiacjoe_arrival_oval_in_oval, layout_loops_corners
D:2:      layout_loops_corners, uniq_sigmund
D:3:      layout_basic, nicolae_tso_carved_into_rock, serial_glass,
          glass_columns_c, glass_columns_c
D:4:      minmay_chambers_of_fours, layout_cave_pods, nicolae_uskayaw_suspiria,
          cheibrodos_sewer_entry_drain, serial_park, serial_park_avenue1,
          serial_park_tiny_2, serial_park_square3 [serial_park_minivault_5x5_8],
          nicolae_figureground_pulse
D:5:      layout_cave_pools, nemelex_xobeh_ov_fountains_minmay,
          hangedman_feature_mirror, goddamned_bats, uniq_duvessa
D:6:      kennysheep_six_static_rooms, layout_basic,
          mainiacjoe_overflow_chevrons, nicolae_yredelemnul_corpse_copse
D:7:      cheibrodos_helix_gallery, layout_basic, mainiacjoe_overflow_brackets,
          okawaru_trees_2, minmay_temple_entry_mini_moons, enter_bailey_5,
          hangedman_abyss_or_decor_stabs
D:8:      layout_basic, nicolae_qazlal_beasts_of_the_sky,
          mainiacjoe_overflow_paths, david_lair_shrubbed
D:9:      layout_roguey, fedhas_altar_1, kennysheep_orc_monster_closet_entryway,
          serial_shops, shop, uniq_jeremiah, uniq_joseph, uniq_psyche
D:10:     lemuel_ice_spiral_2, layout_basic
D:11:     layout_rooms, gammafunk_ghost_smash, serial_shops,
          nicolae_shop_statue_plus, hangedman_abyss_or_decor_passed
D:12:     layout_cave_pods, uniq_kirke
D:13:     layout_roguey, david_vaults_4
D:14:     layout_irregular_city, nicolae_twisting_strands, roderic_malta_cross,
          nrook_guardian_serpent_double, uniq_louise, uniq_nessos
D:15:     gammafunk_enter_depths_forms, layout_loops_corners, special_room
          [special_room_mythical_zoo], old_standard_altar, uniq_azrael,
          uniq_josephine
Temple:   nicolae_temple_ecumenical_triangle
Lair:1:   layout_chaotic_city, grunt_megastairs_2
Lair:2:   layout_roguey, uniq_nergalle
Lair:3:   gammafunk_mikee_crab_dinner, layout_chaotic_city, swamp_mist,
          nicolae_snake_entry_warm_welcome, nicolae_lair_grazing_beasts
          [nicolae_sub_lair_graze_edge, nicolae_sub_lair_graze_edge,
          nicolae_sub_lair_graze_edge, nicolae_sub_lair_graze_edge],
          grunt_megastairs_3, lemuel_fruit_fields
Lair:4:   lemuel_slime, layout_regular_city, nzn_ghost_randoct,
          fungi_pond_lemuel, beast_lair_carwin_5
Lair:5:   evilmike_catoblepas_cave, layout_hall_layers,
          nicolae_slime_entry_field_trip, infiniplex_staircase_pool, uniq_rupert
Swamp:1:  layout_basic_swamp, hangedman_swamp_ruin_wall,
          nicolae_swamp_decorative_isthmus
Swamp:2:  layout_basic_swamp, evilmike_swamp_ruin_rubble_2, worms_lemuel,
          uniq_donald
Swamp:3:  layout_basic_swamp, hangedman_swamp_blocks, swamp_pool_3,
          nicolae_swamp_oklob_treasure_island, nicolae_swamp_tree_isthmus,
          uniq_jorgrun
Swamp:4:  swamp_basic_johnstein, layout_basic_swamp,
          evilmike_swamp_ruin_house_2, infiniplex_staircase_pool_2
Snake:1:  cheibrodos_toxic_ritual, layout_basic, uniq_frances
Snake:2:  layout_basic, serial_shops, shop, nicolae_snake_omega
Snake:3:  layout_rooms, minmay_shop_grove, uniq_asterion
Snake:4:  grunt_snake_rune_spirals, layout_onion
Orc:1:    layout_diamond_mine, serial_shops, shop, basic_altar, uniq_erica,
          uniq_erolcha
Orc:2:    st_orc_pillars, layout_caves, nicolae_orc_stalacmites,
          minmay_orc_temple_a, uniq_snorg
Elf:1:    eino_elf_arrival_sip, layout_geoelf_octagon,
          hangedman_elven_crosses_minicolossus
Elf:2:    elven_hall_of_blades_hangedman_original
          [nicolae_blade_entry_splitting_headache], layout_rooms,
          nicolae_trove_entry_free_sample, nicolae_specific_store, minivault_27,
          hex_medium
Elf:3:    minmay_elf_hall_x, layout_onion_city, serial_shops, shop,
          nicolae_shop_tiny_glass, shop, nicolae_shop_real_fake_doors,
          ebering_ghost_disaster_area
Vaults:1: hangedman_vaults_restitches, vaults_room_grunt_arrival_ludios,
          nicolae_vaults_big_ls, nicolae_vaults_tetromino_T_1, v_misc_5,
          nicolae_vaults_trapezoid_lopsided_2, nicolae_vaults_tetromino_Z_1,
          serial_library_hellmonk_open_square, v_misc_33, v_pattern_1,
          vaults_room_fancy_cross, layout_vaults_omnicross, uniq_boris

Skill      XL: |  1  2  3  4  5  6  7  8  9 10 11 12 13 14 15 16 17 18 19 20 21 |
---------------+----------------------------------------------------------------+-----
Fighting       | 1 2 3 4 5 6 7 8 9 10 11 12 13 14 15 16 17 18 | 18.4
Spellcasting   | 4 5 6 7 8 9 10 11 12 13 14 15 16 | 16.9
Conjurations   | 4 5 6 7 8 9 10 11 12 13 14 15 16 | 16.9
Hexes          | 4 5 6 7 8 9 10 11 12 13 14 15 16 | 16.9
Summonings     | 4 5 6 7 8 9 10 11 12 13 14 15 16 | 16.9
Necromancy     | 4 5 6 7 8 9 10 11 12 13 14 15 16 | 16.9
Translocations | 4 5 6 7 8 9 10 11 12 13 14 15 16 | 16.9
Fire Magic     | 4 5 6 7 8 9 10 11 12 14 15 17 18 19 | 19.6
Ice Magic      | 4 5 6 7 8 9 10 11 12 13 14 15 16 | 16.9
Air Magic      | 4 5 6 7 8 9 10 11 12 14 16 17 19 | 19.9
Earth Magic    | 4 5 6 7 8 9 10 11 12 13 14 15 16 | 16.9
Alchemy        | 4 5 6 7 8 9 10 11 12 13 14 15 16 | 16.9
Armour         | 1 4 5 6 7 9 10 11 | 11.1
Dodging        | 3 5 6 7 8 |  8.0
Shields        | 2 3 5 7 8 9 10 12 13 15 16 | 16.8
Invocations    | 2 3 5 7 8 9 10 | 10.1
Short Blades   | 1 3 5 6 7 8 |  8.0
Stealth        | |  1.5

Action                     |  1- 3 |  4- 6 |  7- 9 | 10-12 | 13-15 | 16-18 | 19-21 || total
---------------------------+-------+-------+-------+-------+-------+-------+-------++-------
  Melee: Dagger            |       |     3 |       |     1 |     2 |       |       ||     6
         Staff             |       |       |       |       |       |     1 |     4 ||     5
   Cast: Shock             |    66 |   138 |    52 |    31 |       |       |       ||   287
         Static Discharge  |     1 |     4 |    10 |     2 |       |       |       ||    17
         Airstrike         |       |       |   122 |   318 |   570 |   960 |   724 ||  2694
         Flame Wave        |       |       |       |    10 |     7 |    28 |    14 ||    59
         Fulminant Prism   |       |       |       |     7 |    79 |    75 |     1 ||   162
         Swiftness         |       |       |       |     1 |       |       |       ||     1
         Alistair's Intoxi |       |       |       |       |     1 |     5 |     7 ||    13
         Ensorcelled Hiber |       |       |       |       |     1 |       |       ||     1
         Death Channel     |       |       |       |       |       |    16 |    27 ||    43
         Dispersal         |       |       |       |       |       |     4 |     6 ||    10
         Monstrous Menager |       |       |       |       |       |       |    75 ||    75
         Malign Gateway    |       |       |       |       |       |       |     9 ||     9
 Invoke: Lesser Servant of |       |       |       |       |     5 |     2 |       ||     7
    Use: Scroll            |       |       |     9 |     9 |    10 |     9 |     2 ||    39
         Potion            |       |       |       |       |     1 |     1 |     2 ||     4
 Armour: Robe              |     6 |    12 |    32 |     1 |       |       |       ||    51
         Leather armour    |       |       |       |    77 |     7 |       |       ||    84
         Scale mail        |       |       |       |       |    67 |    31 |       ||    98
         Troll leather arm |       |       |       |       |       |   226 |   187 ||   413
  Dodge: Dodged            |     6 |    13 |     9 |    69 |    26 |   175 |    86 ||   384
  Block: Kite shield       |       |       |       |    44 |    35 |   234 |   127 ||   440
         Reflection        |       |       |       |       |       |    25 |    32 ||    57
